 Dungeon Crawl Stone Soup version 0.18-a0-1797-gc18daef (webtiles) character file.

28078 M4edhros the Blocker (level 13, 0/71 HPs)
             Began as an Octopode Necromancer on Apr 22, 2016.
             Was the Champion of Cheibriados.
             Slain by a catoblepas (31 damage)
             ... on level 8 of the Lair of Beasts.
             The game lasted 01:30:03 (9571 turns).

M4edhros the Blocker (Octopode Necromancer)         Turns: 9571, Time: 01:30:04

Health: 0/71       AC:  5    Str: 22    XL:     13   Next: 36%
Magic:  1/15       EV: 27    Int: 34    God:    Cheibriados [******]
Gold:   549        SH: 16    Dex: 35    Spells: 3 memorised, 11 levels left

rFire  + . .     SeeInvis .       - Unarmed
rCold  . . .     Gourm    .     z - +0 shield
rNeg   . . .     Faith    +     (helmet restricted)
rPois  .         Spirit   .     R - amulet of faith
rElec  .         Dismiss  .     r - +5 ring of dexterity
rCorr  .         Reflect  .     G - ring of protection from magic
SustAt .         Harm     .     (no ring)
MR     +....                    (no ring)
Stlth  +++++.....               (no ring)
                                (no ring)
                                (no ring)
                                (no ring)

@: very slow, somewhat resistant to hostile enchantments, quite stealthy
A: almost no armour, amphibious, 8 rings, constrict 8, tentacle spike 1, rough
black scales 1, camouflage 1, blurry vision 1, fire resistance 1, frail 1, low
mp 1, gelatinous body 1
a: Bend Time, Temporal Distortion, Slouch, Step From Time, Renounce Religion


You were on level 8 of the Lair of Beasts.
You worshipped Cheibriados.
Cheibriados was exalted by your worship.
You were hungry.

You visited 3 branches of the dungeon, and saw 21 of its levels.
You also visited: Sewer.

You collected 1030 gold pieces.
You spent 481 gold pieces at shops.

Inventory:

Hand Weapons
 n - a +0 shortbow
 I - a +0 hunting sling
 Z - a +0 blowgun
Missiles
 c - 265 stones (quivered)
 h - 143 sling bullets
 k - 69 poisoned needles
 F - 9 throwing nets
 J - 2 tomahawks
 Y - 6 curare-tipped needles
Armour
 z - a +0 shield (worn)
 L - a +0 large shield
Magical Staves
 m - an uncursed staff of air
 W - an uncursed staff of summoning
Rods
 q - a +1 rod of inaccuracy (14/14)
   (You found it on level 5 of the Lair of Beasts)
Jewellery
 f - an uncursed amulet of the gourmand
 r - a +5 ring of dexterity (left tentacle)
 E - an uncursed ring of teleportation
 G - a ring of protection from magic (right tentacle)
 K - an uncursed amulet of harm
 R - an amulet of faith (around mantle)
Wands
 o - a wand of flame (18/48)
 S - a wand of iceblast (4/15)
 U - a wand of slowing (38/48)
 X - a wand of iceblast (3/15)
Scrolls
 d - 5 scrolls of immolation
 e - 2 scrolls of noise
 g - 5 scrolls of magic mapping
 i - 7 scrolls of enchant armour
 j - 4 scrolls of blinking
 l - 3 scrolls of summoning
 t - 8 scrolls of remove curse
 u - 4 scrolls of enchant weapon
 x - a scroll of vulnerability
 y - 2 scrolls of teleportation
 A - 5 scrolls of fog
 D - 2 scrolls of recharging
 H - 2 scrolls of holy word
 N - 2 scrolls of fear
Potions
 p - a potion of cancellation
 w - 2 potions of invisibility
 B - 4 potions of curing
 C - 3 potions of flight
 M - 3 potions of brilliance
 P - 2 potions of heal wounds
Books
 a - a book of Necromancy

   Spells                             Type                      Level
   a - Pain                           Necromancy                   1
   b - Animate Skeleton               Necromancy                   1
   c - Vampiric Draining              Necromancy                   3
   d - Regeneration                   Charms/Necromancy            3
   e - Animate Dead                   Necromancy                   4
   f - Control Undead                 Necromancy                   4
 T - a book of Unlife

   Spells                             Type                      Level
   a - Recall                         Summoning/Translocation      3
   b - Animate Dead                   Necromancy                   4
   c - Control Undead                 Necromancy                   4
   d - Cigotuvi's Embrace             Necromancy                   5
   e - Death Channel                  Necromancy                   6
   f - Simulacrum                     Ice/Necromancy               6
Comestibles
 b - 5 bread rations
 s - 4 meat rations
 v - 39 fruits
 O - 2 beef jerkies
 Q - 3 slices of pizza
 V - 17 chunks of flesh


   Skills:
 + Level 3.8 Fighting
 - Level 10.7 Dodging
 - Level 2.6 Stealth
 * Level 13.3 Shields
 - Level 11.0 Unarmed Combat
 - Level 2.0 Spellcasting
 - Level 4.0 Necromancy
 - Level 6.2 Invocations
 + Level 6.3 Evocations


You had 11 spell levels left.
You knew the following spells:

 Your Spells              Type           Power        Failure   Level  Hunger
a - Pain                  Necr           ####         1%          1    None
b - Regeneration          Chrm/Necr      ###.......   12%         3    ###....
c - Animate Skeleton      Necr           N/A          1%          1    None


Dungeon Overview and Level Annotations

Branches:
Dungeon (12/15)            Temple (0/1) D:5            Lair (8/8) D:10
 Shoals (0/4) Lair:6       Spider (0/4) Lair:5        Slime (0/6) Lair:6
    Orc (1/2) D:9

Altars:
Ashenzari
Cheibriados
Elyvilon
Nemelex Xobeh
Vehumet
Yredelemnul

Shops:
D:4 !   D:8 %

Annotations:
D:8 Gastronok
D:11 Jano's ghost, journeyman DrCj
D:12 ololoev's ghost, journeyman HOFi
Lair:1 Armakuni's ghost, journeyman HuFi
Lair:6 Maud


Innate Abilities, Weirdness & Mutations

You cannot wear most types of armour.
You are amphibious.
You can wear up to eight rings at the same time.
You can use your tentacles to constrict eight enemies at once.
Your skin changes colour to match your surroundings (Stealth).
Your rubbery body absorbs attacks (AC +1).
One of your tentacles bears a spike.
You are partially covered in rough black scales (AC +4, Dex -1).
Scrolls take you a little longer to read.
Your flesh is heat resistant.
You are frail (-10% HP).
Your magical capacity is low (-10% MP).


Message History

Unknown command.
Evoke which item? (* to show all) (? for menu, Esc to quit)
Zapping:
S - a wand of iceblast (5/15)
Press: ? - help, Shift-Dir - straight line, f/p - six-headed hydra
Aim: a six-headed hydra (almost dead) That beam is likely to hit you.
Continue anyway?
The mass of ice explodes!
The iceblast engulfs the spiny frog skeleton.
The spiny frog skeleton partially resists.
You destroy the spiny frog skeleton!
The iceblast engulfs you!
The iceblast engulfs the six-headed hydra.
You kill the six-headed hydra!
Cheibriados thoroughly appreciates the change of pace.
The iceblast engulfs the catoblepas.
The catoblepas is moderately wounded.
This wand has 4 charges left.
You hear a bellow!
The catoblepas gores you!!
You die...

.......####.....## #....
.......#.#.......# #..
......##...#....P# #..
...#..##..%#...###### ##.
##...########...#...# #.
...#.....##P....#...# .. ##
.........##.....#.#$# .... #
.........###....##..#..... ##
..........##P...@%.....# #.
.........###.....Y....#...# #.
.........# ###.......## .# ##
.........# #........# ##
.......### #####...## ##.
..P.....### ########## #### ###..
.#P.......###..###...###..###....
#................................
.........[.......................


You could see a catoblepas.

Vanquished Creatures
  Josephine (Lair:4)
  Harold (D:10)
  2 hydras
  Sonja (Lair:4)
  A hill giant (D:10)
  An orb spider (Lair:5)
  A griffon (Lair:8)
  A centaur zombie (D:9)
  A manticore (Lair:8)
  A siren (Lair:6)
  A torpor snail (Lair:7)
  7 spiny frogs
  2 black mambas
  2 rime drakes
  3 komodo dragons
  3 merfolk (Lair:6)
  A troll (D:9)
  5 blink frogs
  4 wraiths (Lair:4)
  3 basilisks
  29 yaks
  A wyvern (Lair:8)
  4 hippogriffs
  8 water moccasins
  3 orc warriors
  7 porcupines
  An ice beast (D:5)
  2 sky beasts
  2 wasps
  A black bear (Lair:2)
  A necrophage (D:11)
  11 wolves
  4 ogres
  3 centaurs
  A phantom (D:7)
  11 crocodiles
  2 big kobolds
  The ghost of macross the Covert, an amateur SpAs (D:4)
  11 giant frogs
  Blork the orc (D:4)
  2 gnoll sergeants
  A wyvern zombie (D:10)
  A scorpion (D:10)
  6 killer bees
  An electric eel (Lair:1)
  3 howler monkeys (D:9)
  2 crimson imps
  3 orc priests
  A hound (D:4)
  3 giant frog zombies
  7 jellies (Lair:6)
  Crazy Yiuf (D:7)
  2 centaur skeletons
  4 orc wizards
  4 iguanas
  7 worker ants
  3 sheep (Lair:4)
  A hound zombie (D:6)
  13 gnolls
  10 river rats
  9 adders
  A shadow imp (D:5)
  6 oozes
  3 worms (Sewer)
  A dart slug (D:2)
  5 giant geckos
  16 orcs
  5 ball pythons
  14 giant cockroaches
  A goblin (D:3)
  8 hobgoblins
  13 jackals
  7 kobolds
  4 quokkas
  10 bats
  A giant cockroach zombie (D:6)
  A giant gecko zombie (D:6)
  4 giant newts
  11 rats
  A butterfly (Lair:2)
  A plant (Lair:7)
343 creatures vanquished.

Vanquished Creatures (collateral kills)
  Joseph (D:9)
  4 spiny frogs
  4 komodo dragons
  A blink frog (Lair:7)
  A boulder beetle (Lair:7)
  5 yaks
  2 basilisks
  2 hippogriffs
  3 water moccasins
  An ice beast (D:4)
  A wolf (Lair:3)
  2 giant frogs (Lair:4)
  8 jellies
  A worker ant (D:7)
  A sheep (Lair:4)
  3 river rats
  A worm (Sewer)
  3 orcs (D:9)
  A bat (Sewer)
  2 kobolds (D:10)
  2 fungi (Lair:4)
  A plant (Lair:1)
50 creatures vanquished.

Vanquished Creatures (others)
  A giant frog (D:10)
  A scorpion (D:10)
  A river rat (Lair:7)
  A giant cockroach (D:4)
  A quokka (D:4)
  3 fungi
  A plant (Lair:2)
9 creatures vanquished.

Grand Total: 402 creatures vanquished

Notes
Turn   | Place    | Note
--------------------------------------------------------------
     0 | D:1      | M4edhros the Octopode Necromancer began the quest for the Orb.
     0 | D:1      | Reached XP level 1. HP: 11/11 MP: 3/3
   116 | D:1      | Reached skill level 1 in Unarmed Combat
   252 | D:1      | Reached XP level 2. HP: 8/17 MP: 0/5
   299 | D:2      | Found a snail-covered altar of Cheibriados.
   309 | D:2      | Became a worshipper of Cheibriados the Contemplative
   437 | D:2      | Reached XP level 3. HP: 9/21 MP: 1/6
   442 | D:2      | Learned a level 3 spell: Regeneration
   668 | D:3      | Reached * piety under Cheibriados
   865 | D:2      | Reached XP level 4. HP: 20/27 MP: 4/7
  1276 | D:4      | Found a white marble altar of Elyvilon.
  1280 | D:4      | Noticed macross's ghost (amateur SpAs)
  1388 | D:5      | Entered Level 5 of the Dungeon
  1409 | D:5      | Reached XP level 5. HP: 23/31 MP: 4/8
  1413 | D:5      | Found a staircase to the Ecumenical Temple.
  1421 | D:5      | Reached ** piety under Cheibriados
  1437 | D:5      | Noticed an ogre
  1447 | D:5      | Noticed an ogre
  1482 | D:5      | Noticed a slave
  1505 | D:5      | Noticed a slave
  1575 | D:5      | Found a radiant altar of Vehumet.
  1634 | D:5      | Noticed an ice beast
  1730 | D:4      | Killed macross's ghost
  1730 | D:4      | Reached XP level 6. HP: 30/36 MP: 9/9
  1949 | D:5      | Noticed an ice beast
  1975 | D:4      | Noticed Blork the orc
  1999 | D:4      | Learned a level 1 spell: Animate Skeleton
  2031 | D:4      | Killed Blork the orc
  2031 | D:4      | Reached skill level 1 in Invocations
  2059 | D:4      | Found Himousse's Distillery.
  2080 | D:4      | Bought 3 potions of might for 156 gold pieces
  2141 | D:4      | Reached skill level 5 in Dodging
  2141 | D:4      | Reached XP level 7. HP: 32/41 MP: 4/10
  2199 | D:4      | Reached skill level 5 in Unarmed Combat
  2393 | D:4      | Bought a potion of heal wounds for 65 gold pieces
  2480 | D:6      | Gained mutation: You have supernaturally acute eyesight. [mutagenic meat]
  2481 | D:6      | Gained mutation: You are weak. (Str -2) [mutagenic meat]
  2482 | D:6      | Gained mutation: You are somewhat resistant to further mutation. [mutagenic meat]
  2483 | D:6      | Lost mutation: You are somewhat resistant to further mutation. [mutagenic meat]
  2484 | D:6      | Lost mutation: You are weak. (Str -2) [mutagenic meat]
  2598 | D:6      | Reached *** piety under Cheibriados
  2614 | D:6      | Found a glowing drain.
  2618 | Sewer    | Entered a sewer
  2743 | Sewer    | Reached XP level 8. HP: 46/46 MP: 9/11
  3065 | D:6      | Found a basalt altar of Yredelemnul.
  3087 | D:7      | Reached **** piety under Cheibriados
  3359 | D:6      | Reached skill level 1 in Shields
  3437 | D:7      | Noticed Crazy Yiuf
  3444 | D:7      | Killed Crazy Yiuf
  3674 | D:8      | Reached skill level 2 in Shields
  3860 | D:9      | Reached XP level 9. HP: 49/51 MP: 8/12
  3864 | D:9      | Reached ***** piety under Cheibriados
  3897 | D:9      | Reached skill level 3 in Shields
  3897 | D:9      | Reached skill level 5 in Invocations
  3926 | D:9      | Noticed Joseph
  3938 | D:9      | Killed Joseph
  3985 | D:9      | Noticed a troll
  3991 | D:9      | Killed a troll
  4063 | D:9      | Found a shattered altar of Ashenzari.
  4102 | D:9      | Found a staircase to the Orcish Mines.
  4111 | Orc:1    | Entered Level 1 of the Orcish Mines
  4170 | D:9      | Reached skill level 4 in Shields
  4358 | D:10     | Entered Level 10 of the Dungeon
  4531 | D:10     | Found a staircase to the Lair.
  4543 | D:10     | Noticed a hill giant
  4543 | D:10     | Noticed Harold
  4857 | D:10     | Reached skill level 5 in Shields
  4857 | D:10     | Reached XP level 10. HP: 48/56 MP: 11/14
  4926 | D:10     | Killed Harold
  4928 | D:10     | Killed a hill giant
  4928 | D:10     | Reached skill level 6 in Shields
  5179 | D:12     | Noticed ololoev's ghost (journeyman HOFi)
  5223 | D:11     | Noticed Jano's ghost (journeyman DrCj)
  5443 | D:8      | Found Dyiprod's Food Emporium.
  5471 | D:8      | Reached skill level 7 in Shields
  5674 | D:8      | Reached XP level 11. HP: 53/61 MP: 15/15
  5696 | D:8      | Found a sparkling altar of Nemelex Xobeh.
  6022 | D:8      | Noticed Gastronok
  6230 | D:4      | Bought 2 potions of curing for 78 gold pieces
  6230 | D:4      | Bought a potion of invisibility for 104 gold pieces
  6230 | D:4      | Bought a potion of curing for 39 gold pieces
  6230 | D:4      | Bought a potion of curing for 39 gold pieces
  6455 | Lair:1   | Entered Level 1 of the Lair of Beasts
  6761 | Lair:1   | Noticed Armakuni's ghost (journeyman HuFi)
  7151 | Lair:2   | Reached skill level 10 in Dodging
  7175 | Lair:2   | Reached skill level 8 in Shields
  7319 | Lair:2   | Reached skill level 10 in Unarmed Combat
  7575 | Lair:3   | Noticed a five-headed hydra
  7734 | Lair:3   | Reached skill level 9 in Shields
  7881 | Lair:3   | Killed a five-headed hydra
  8039 | Lair:4   | Reached ****** piety under Cheibriados
  8083 | Lair:4   | Noticed Sonja
  8092 | Lair:4   | Killed Sonja
  8092 | Lair:4   | Reached skill level 10 in Shields
  8092 | Lair:4   | Reached XP level 12. HP: 66/66 MP: 16/16
  8200 | Lair:4   | Noticed Josephine
  8216 | Lair:4   | Killed Josephine
  8333 | Lair:5   | Identified a +1 rod of inaccuracy (14/14) (You found it on level 5 of the Lair of Beasts)
  8355 | Lair:5   | Gained mutation: You are partially covered in rough black scales (AC +4, Dex -1). [potion of mutation]
  8402 | Lair:5   | Reached skill level 11 in Shields
  8402 | Lair:5   | Reached skill level 1 in Evocations
  8426 | Lair:5   | Found a hole to the Spider Nest.
  8598 | Lair:6   | Found a staircase to the Slime Pits.
  8721 | Lair:6   | Found a staircase to the Shoals.
  8723 | Lair:6   | Reached skill level 12 in Shields
  8758 | Lair:6   | Noticed Maud
  8825 | Lair:6   | Gained mutation: Your magical capacity is low (-10% MP). [potion of mutation]
  8825 | Lair:6   | Gained mutation: Your flesh is heat resistant. [potion of mutation]
  8825 | Lair:6   | Lost mutation: You have supernaturally acute eyesight. [potion of mutation]
  8917 | Lair:7   | Noticed a death yak
  8921 | Lair:7   | Noticed a death yak
  8940 | Lair:6   | Gained mutation: You are frail (-10% HP). [potion of mutation]
  8940 | Lair:6   | Gained mutation: One of your tentacles bears a spike. [potion of mutation]
  8940 | Lair:6   | Gained mutation: Scrolls take you a little longer to read. [potion of mutation]
  8974 | Lair:6   | Reached skill level 1 in Fighting
  8987 | Lair:6   | Reached skill level 5 in Evocations
  9065 | Lair:7   | Reached XP level 13. HP: 66/66 MP: 15/15
  9124 | Lair:8   | Entered Level 8 of the Lair of Beasts
  9436 | Lair:8   | Reached skill level 13 in Shields
  9571 | Lair:8   | Slain by a catoblepas

Vault maps used:
D:1:      nicolae_arrival_somewhat_less_tricky_arrival
D:2:      nicolae_overflow_crystal_walls, okawaru_trees_1
D:3:      first_bread
D:4:      serial_shops, shop_statue, elyvilon_altar_4, uniq_blork_the_orc
D:5:      overflow_temple_1_default, minmay_temple_entry_large_hall,
          serial_glass, glass_columns_b, glass_columns_a, glass_columns_a,
          glass_columns_a, glass_columns_a, glass_columns_a, glass_columns_a,
          glass_columns_b, glass_columns_b, glass_columns_b, glass_columns_a,
          glass_columns_a, glass_columns_a, glass_columns_b, uniq_pikel
D:6:      marbit_many_paths, overflow_temple_1_default, gup_sewer_entry_spiral
D:7:      uniq_crazy_yiuf_cottage
D:8:      nemelex_xobeh_ov_fountains_minmay, serial_shops,
          nicolae_shop_statue_plus, blue_anna_alchemist,
          kennysheep_small_spiral, nrook_mini_vaults, uniq_gastronok
D:9:      nicolae_ashenzari_panopticon, fedhas_altar_4, orc_0_dummy, uniq_joseph
D:10:     lair_0_dummy, lemuel_flamethrower_2, uniq_harold
D:11:     basic_altar, serial_curves, eino_curves_01, eino_curves_03,
          eino_curves_02, eino_curves_03, uniq_urug
D:12:     minmay_liquid_box, nicolae_ru_path_of_blood, uniq_azrael
Lair:1:   nicolae_quartered_pool_little
Lair:2:   serial_bayou_shore_b, grunt_megastairs_5, lemuel_fruit_fields,
          lemuel_fruit_fields
Lair:4:   grunt_megastairs_1, serial_bayou_shore_a, uniq_josephine, uniq_sonja
Lair:5:   nicolae_spider_entry_orb_guardian, grunt_megastairs_2
Lair:6:   elwin_shoals_entry_stream, minmay_slime_entry_jelly_boxes,
          infiniplex_staircase_pool_2, uniq_maud
Lair:7:   minmay_lair_oklob_items, st_stairs_6, cheibrodos_lair_reptile_den,
          uniq_kirke
Lair:8:   hangedman_lair_in_review, worms_lemuel
Orc:1:    serial_shops
Sewer:    sewer_fruit_machine

Skill      XL: |  1  2  3  4  5  6  7  8  9 10 11 12 13 |
---------------+----------------------------------------+-----
Unarmed Combat | 1 2 3 4 5 6 8 9 10 11 | 11.0
Dodging        | 3 4 5 6 8 9 10 | 10.7
Invocations    | 1 2 4 6 |  6.2
Shields        | 2 5 7 10 12 13 | 13.3
Evocations     | 5 6 |  6.3
Fighting       | 2 3 |  3.8
Stealth        | |  2.6
Spellcasting   | |  2.0
Necromancy     | |  4.0

Action                   |  1- 3 |  4- 6 |  7- 9 | 10-12 | 13-15 || total
-------------------------+-------+-------+-------+-------+-------++-------
Melee: Unarmed           |    45 |    98 |   242 |   422 |   108 ||   915
       Constrict         |    18 |    15 |    61 |    68 |    22 ||   184
       Tentacles         |    16 |    17 |    94 |   200 |    48 ||   375
       Punch             |     1 |     4 |    25 |    81 |    24 ||   135
       Flail             |       |       |     4 |       |       ||     4
       Kick              |       |       |       |    23 |    86 ||   109
Throw: Stone             |       |       |       |     1 |       ||     1
 Cast: Pain              |    28 |    22 |    36 |    18 |     2 ||   106
       Regeneration      |     2 |    13 |    17 |    46 |     9 ||    87
       Animate Skeleton  |       |     2 |    22 |    61 |    23 ||   108
Invok: Bend Time         |       |     1 |       |       |       ||     1
       Temporal Distorti |       |       |     1 |     2 |       ||     3
       Slouch            |       |       |       |     4 |     2 ||     6
Evoke: Wand              |       |       |       |     7 |     3 ||    10
       Rod               |       |       |       |     3 |       ||     3
  Use: Potion            |     1 |     6 |     6 |     7 |     1 ||    21
       Scroll            |       |     9 |     6 |    15 |     1 ||    31
 Stab: Sleeping          |     5 |     3 |    18 |    22 |     7 ||    55
       Distracted        |       |       |     1 |    10 |     4 ||    15
  Eat: Chunk             |    12 |     6 |     8 |    21 |       ||    47
Armor: Skin              |     8 |     6 |     3 |     4 |     3 ||    24
Dodge: Dodged            |    23 |    54 |   154 |   232 |    49 ||   512
Block: Shield            |       |       |    70 |   222 |    73 ||   365
       Large shield      |       |       |       |     1 |       ||     1
